 Dungeon Crawl Stone Soup version 0.28.0-45-g0d030f2227 (webtiles) character file.

Game seed: 10224255831056734690

382 croobank the Covered (level 6, -1/56 HPs)
             Began as a Minotaur Fighter on Apr 17, 2022.
             Succumbed to a scorpion's poison
             ... on level 4 of the Dungeon.
             The game lasted 00:06:44 (3241 turns).

croobank the Covered (Minotaur Fighter)             Turns: 3241, Time: 00:06:45

Health: -1/56      AC:  7    Str: 20 (23) XL:     6   Next: 47%
Magic:  5/5        EV:  9    Int:  4 (5)  God:
Gold:   116        SH:  5    Dex:  8 (9)  Spells: 5/5 levels left

rFire   . . .      SeeInvis .   a - +2 war axe
rCold   . . .      Faith    .   c - +1 buckler
rNeg    . . .      Spirit   .   s - +0 scale mail
rPois   .          Reflect  .   (helmet restricted)
rElec   .          Harm     .   (no cloak)
rCorr   .          Rampage  .   (no gloves)
Will    .....                   (no boots)
Stlth   ..........              (no amulet)
HPRegen 0.18/turn               (no ring)
MPRegen 0.09/turn               (no ring)

@: brilliant, lethally poisoned (-1 -> -21)
A: horns 2, retaliatory headbutt
a: no special abilities


You were on level 4 of the Dungeon.
You visited 1 branch of the dungeon, and saw 4 of its levels.

You collected 116 gold pieces.

Inventory:

Hand Weapons
 a - a +2 war axe (weapon)
 b - a +0 hand crossbow
 m - a +0 morningstar
 p - a +1 morningstar of venom
Missiles
 f - 4 atropa-tipped darts (quivered)
 g - 34 stones
 h - 37 arrows
 i - 11 bolts
 o - 38 sling bullets
Armour
 c - a +1 buckler (worn)
 l - the +1 robe of the Clam {Harm Int+2 Dex+3 Stlth+}
   (You found it on level 2 of the Dungeon)

   Int:       It affects your intelligence (+2).
   Dex:       It affects your dexterity (+3).
   Harm:      It increases damage dealt and taken.
   Stlth:     It makes you more stealthy.
 s - a +0 scale mail (worn)
Jewellery
 k - a +4 ring of protection
Scrolls
 e - a scroll of teleportation
 t - a scroll of identify {unknown}
 u - a scroll of noise {unknown}
 x - a scroll of enchant armour
Potions
 d - 2 potions of might
 q - a potion of lignification {unknown}
 r - a potion of attraction {unknown}
 v - 2 potions of curing {unknown}
 w - a potion of cancellation {unknown}


   Skills:
 + Level 5.4 Fighting
 + Level 4.7 Axes
 + Level 5.4 Armour
 + Level 5.2 Shields


You had 5 spell levels left.
You didn't know any spells.
Your spell library was empty.

Dungeon Overview and Level Annotations

Branches:
Dungeon (4/15)
 Temple: D:4-7

Altars:
Cheibriados


Innate Abilities, Weirdness & Mutations

You have a pair of horns on your head.
You reflexively headbutt those who attack you in melee.


Message History

You are poisoned.
The scorpion poisons you!
The scorpion stings you but does no damage.
You shoot a bolt.
The bolt hits the scorpion but does no damage.
The scorpion is almost dead.
You feel very sick. The scorpion stings you. x2
You shoot a bolt. The bolt barely misses the scorpion.
You feel sick. The scorpion stings you.
You are more poisoned.
The scorpion poisons you! The scorpion stings you.
You are more poisoned.
The scorpion poisons you!
a - a +2 war axe (weapon)
You feel very sick.
You closely miss the scorpion.
The scorpion is almost dead.
You feel extremely sick. The scorpion stings you.
You are lethally poisoned!
The scorpion poisons you! The scorpion stings you!
You are more poisoned.
The scorpion poisons you!
You hit the scorpion but do no damage.
The scorpion is severely wounded.
* * * LOW HITPOINT WARNING * * *
You feel extremely sick. You block the scorpion's attack.
It was a potion of brilliance.
You feel clever all of a sudden.
* * * LOW HITPOINT WARNING * * *
You feel very sick. The scorpion barely misses you. You furiously retaliate!
You headbutt the scorpion!
You kill the scorpion!
It was a potion of degeneration.
There was something very wrong with that liquid.
You feel weakened.
You feel dopey.
You feel clumsy.
You die...

# (..... ...........
...... #....... ...
......##.....# .. #
.......?....### ##.# ##
...........##.###... ##.
....................##..
.....((.................
...###@......#####.....
......>....#### #..##.
......##...# ##..###
..#... ##..## ###...###
#.. #...####........
..#...##...##..........
..#...............##....
.###............## ##...
#..######...## #...


There were no monsters in sight!

Vanquished Creatures
  A bullfrog (D:3)
  A scorpion (D:4)
  A hound (D:3)
  2 iguanas
  An orc wizard (D:3)
  6 adders
  An adder skeleton (D:4)
  A worm (D:2)
  5 dart slugs
  5 orcs (D:3)
  9 bats
  9 endoplasms
  4 giant cockroaches
  10 goblins
  4 hobgoblins
  4 jackals
  6 kobolds
  2 quokkas
  5 ball pythons
  4 frilled lizards
  4 rats (D:2)
85 creatures vanquished.

Notes
Turn   | Place    | Note
-------+----------+-------------------------------------------
     0 | D:1      | croobank the Minotaur Fighter began the quest for the Orb.
     0 | D:1      | Reached XP level 1. HP: 19/19 MP: 0/0
    80 | D:1      | Reached XP level 2. HP: 14/27 MP: 1/1
   484 | D:1      | Found a faded altar of an unknown god.
   507 | D:1      | Reached XP level 3. HP: 33/33 MP: 2/2
  1268 | D:2      | Found a snail-covered altar of Cheibriados.
  1393 | D:2      | Identified the +1 robe of the Clam {Harm Int+2 Dex+3
                  | Stlth+}
  1428 | D:2      | Reached XP level 4. HP: 40/40 MP: 3/3
  1863 | D:3      | Noticed a bullfrog
  1869 | D:3      | Killed a bullfrog
  1870 | D:3      | Reached XP level 5. HP: 38/47 MP: 4/4
  1970 | D:3      | Reached skill level 5 in Fighting
  1970 | D:3      | Reached skill level 5 in Armour
  1983 | D:3      | Reached skill level 5 in Shields
  1983 | D:3      | Reached XP level 6. HP: 22/56 MP: 5/5
  3241 | D:4      | Succumbed to a scorpion's poison

Illustrated notes

Levels and vault maps discovered:
D:1:      amcnicky_arrival_choice, layout_basic,
          shapermc_ecumenical_altar_mp_highgroup
D:2:      minmay_general_purpose_star, layout_rooms, basic_altar, nrook_campfire
D:3:      layout_rooms, serial_rivers, chequers_serial_rivers_small_3,
          chequers_serial_rivers_large_b, chequers_serial_rivers_small_b,
          chequers_serial_rivers_micro_a
D:4:      layout_layer_cave, mainiacjoe_overflow_alcove_4,
          minmay_temple_entry_purple_smoke

Skill      XL: |  1  2  3  4  5 |
---------------+----------------+-----
Armour         | 4 5 |  5.4
Fighting       | 4 5 |  5.4
Axes           | 3 4 |  4.7
Shields        | 4 5 |  5.2

Action                   |  1- 3 |  4- 6 || total
-------------------------+-------+-------++-------
Melee: War axe           |    78 |    44 ||   122
       Headbutt          |    11 |     9 ||    20
       Morningstar       |       |    15 ||    15
 Fire: Hand crossbow     |       |    19 ||    19
  Use: Scroll            |     2 |     3 ||     5
       Potion            |       |     2 ||     2
Armor: Scale mail        |    38 |    51 ||    89
Dodge: Dodged            |    36 |    26 ||    62
Block: Buckler           |    20 |    12 ||    32
